| TOP OF THE 1ST |
|
Dunedin Blue Jays batting - Pitching for Lakeland Pilots : LHP Danny Jackson
|
|
Pitching: LHP Danny Jackson
|
|
|
Batting: SHB Albert Hall
|
0-0: Ball 1-0: Ball 2-0: Ball 3-0: Base on Balls
|
|
Batting: LHB Milt Thompson
|
0-0: Ball Albert Hall steals 2nd base 1-0: Fly out, F7 (Line Drive, 7, EV 94.4 MPH)
|
|
Batting: RHB Dale Berra
|
0-0: Called Strike 0-1: Foul Ball, location: 2F 0-2: Fly out, F7 (Flyball, 7LM, EV 81.3 MPH)
|
|
Batting: RHB Randy Lavigne
|
0-0: Ball 1-0: Swinging Strike 1-1: Fly out, F5 (Line Drive, 5, EV 62.5 MPH)
|
| Top of the 1st over - 0 runs, 0 hits, 0 errors, 1 left on base; Dunedin 0 - Lakeland 0 |
| BOTTOM OF THE 1ST |
|
Lakeland Pilots batting - Pitching for Dunedin Blue Jays : RHP Charlie Kerfeld
|
|
Pitching: RHP Charlie Kerfeld
|
|
|
Batting: RHB Nick Capra
|
0-0: Ball 1-0: Foul Ball, location: 2F 1-1: Foul Ball, location: 2F 1-2: Ball 2-2: Ball 3-2: Ground out 5-3 (Groundball, 56S, EV 89.4 MPH)
|
|
Batting: RHB Dave C Anderson
|
0-0: Ball 1-0: SINGLE (Groundball, 13S, EV 67.5 MPH) (infield hit)
|
|
Batting: SHB Mike D Young
|
0-0: Ball Dave C Anderson is caught stealing 2nd base 2-6 1-0: Ground out 4-3 (Groundball, 4M, EV 110.6 MPH)
|
| Bottom of the 1st over - 0 runs, 1 hit, 0 errors, 0 left on base; Dunedin 0 - Lakeland 0 |
| TOP OF THE 2ND |
|
Dunedin Blue Jays batting - Pitching for Lakeland Pilots : LHP Danny Jackson
|
|
Batting: LHB Ray Cosey
|
0-0: Ball 1-0: Foul Ball, location: 2F 1-1: SINGLE (Groundball, 25, EV 69.4 MPH) (infield hit)
|
|
Batting: RHB Steve Curry
|
0-0: Ball Ray Cosey is caught stealing 2nd base 2-4 1-0: Called Strike 1-1: Swinging Strike 1-2: Strikes out looking
|
|
Batting: RHB Dann Bilardello
|
0-0: Foul Ball, location: 2F 0-1: Called Strike 0-2: Ball 1-2: Foul Ball, location: 2F 1-2: DOUBLE (Flyball, 89XD, EV 112.5 MPH)
|
|
Batting: RHB Scott Richartz
|
0-0: Ball 1-0: Swinging Strike 1-1: Foul Ball, location: 2F 1-2: Foul Ball, location: 2F 1-2: Strikes out swinging
|
| Top of the 2nd over - 0 runs, 2 hits, 0 errors, 1 left on base; Dunedin 0 - Lakeland 0 |
| BOTTOM OF THE 2ND |
|
Lakeland Pilots batting - Pitching for Dunedin Blue Jays : RHP Charlie Kerfeld
|
|
Batting: LHB Mike Laga
|
0-0: Swinging Strike 0-1: Called Strike 0-2: Ground out U3 (Groundball, 3L, EV 76.9 MPH)
|
|
Batting: LHB Randy S Johnson
|
0-0: Ball 1-0: Ball 2-0: SINGLE (Groundball, 4MD, EV 95.6 MPH)
|
|
Batting: RHB Rusty Tillman
|
0-0: Ball 1-0: Ball 2-0: Foul Ball, location: 2F 2-1: Foul Ball, location: 2F 2-2: Ball 3-2: Base on Balls Randy S Johnson to second
|
|
Batting: LHB Larry Ray
|
0-0: Called Strike 0-1: Grounds into double play, 6-4-3 (Groundball, 6, EV 103.8 MPH)
|
| Bottom of the 2nd over - 0 runs, 1 hit, 0 errors, 1 left on base; Dunedin 0 - Lakeland 0 |
| TOP OF THE 3RD |
|
Dunedin Blue Jays batting - Pitching for Lakeland Pilots : LHP Danny Jackson
|
|
Batting: RHB Tony Walker
|
0-0: Ball 1-0: Called Strike 1-1: Swinging Strike 1-2: Ball 2-2: Ball 3-2: Foul Ball, location: 2F 3-2: Foul Ball, location: 2F 3-2: Hit by Pitch
|
|
Batting: SHB Albert Hall
|
0-0: Ball 1-0: Foul Ball, location: 2F 1-1: Ball 2-1: Swinging Strike 2-2: Foul Ball, location: 2F 2-2: Strikes out swinging
|
|
Batting: LHB Milt Thompson
|
0-0: Ball 1-0: Foul Ball, location: 2F 1-1: Fly out, F3 (Line Drive, 3, EV 67.5 MPH) Lined into DP, U3 (Line Drive, 3, EV 70.0 MPH)
|
| Top of the 3rd over - 0 runs, 0 hits, 0 errors, 0 left on base; Dunedin 0 - Lakeland 0 |
| BOTTOM OF THE 3RD |
|
Lakeland Pilots batting - Pitching for Dunedin Blue Jays : RHP Charlie Kerfeld
|
|
Batting: RHB Alex Sanchez
|
0-0: Fly out, F9 (Flyball, 9LM, EV 102.5 MPH)
|
|
Batting: RHB Dennis Delany
|
0-0: Called Strike 0-1: Ball 1-1: Ball 2-1: Ball 3-1: Called Strike 3-2: Fly out, F4 (Popup, 34D, EV 62.5 MPH)
|
|
Batting: RHB Nick Capra
|
0-0: Called Strike 0-1: Ball 1-1: Ground out U3 (Groundball, 3, EV 96.9 MPH)
|
| Bottom of the 3rd over - 0 runs, 0 hits, 0 errors, 0 left on base; Dunedin 0 - Lakeland 0 |
| TOP OF THE 4TH |
|
Dunedin Blue Jays batting - Pitching for Lakeland Pilots : LHP Danny Jackson
|
|
Batting: RHB Dale Berra
|
0-0: Called Strike 0-1: Ground out 6-3 (Groundball, P, EV 86.3 MPH)
|
|
Batting: RHB Randy Lavigne
|
0-0: Ball 1-0: Called Strike 1-1: Foul Ball, location: 2F 1-2: Fly out, F8 (Flyball, 8LXD, EV 85.6 MPH)
|
|
Batting: LHB Ray Cosey
|
0-0: Ball 1-0: Called Strike 1-1: Fly out, F8 (Flyball, 8RS, EV 86.9 MPH)
|
| Top of the 4th over - 0 runs, 0 hits, 0 errors, 0 left on base; Dunedin 0 - Lakeland 0 |
| BOTTOM OF THE 4TH |
|
Lakeland Pilots batting - Pitching for Dunedin Blue Jays : RHP Charlie Kerfeld
|
|
Batting: RHB Dave C Anderson
|
0-0: Called Strike 0-1: Fly out, F7 (Flyball, 78M, EV 80.0 MPH)
|
|
Batting: SHB Mike D Young
|
0-0: Called Strike 0-1: Foul Ball, location: 2F 0-2: Strikes out swinging
|
|
Batting: LHB Mike Laga
|
0-0: Called Strike 0-1: Ball 1-1: Fly out, F7 (Line Drive, 7, EV 90.0 MPH)
|
| Bottom of the 4th over - 0 runs, 0 hits, 0 errors, 0 left on base; Dunedin 0 - Lakeland 0 |
| TOP OF THE 5TH |
|
Dunedin Blue Jays batting - Pitching for Lakeland Pilots : LHP Danny Jackson
|
|
Batting: RHB Steve Curry
|
0-0: Ball 1-0: Fly out, F7 (Flyball, 78M, EV 85.6 MPH)
|
|
Batting: RHB Dann Bilardello
|
0-0: Ball 1-0: Ground out 4-3 (Groundball, 4, EV 87.5 MPH)
|
|
Batting: RHB Scott Richartz
|
0-0: Ball 1-0: Called Strike 1-1: Foul Ball, location: 2F 1-2: Ball 2-2: Strikes out swinging
|
| Top of the 5th over - 0 runs, 0 hits, 0 errors, 0 left on base; Dunedin 0 - Lakeland 0 |
| BOTTOM OF THE 5TH |
|
Lakeland Pilots batting - Pitching for Dunedin Blue Jays : RHP Charlie Kerfeld
|
|
Batting: LHB Randy S Johnson
|
0-0: Ball 1-0: Ball 2-0: Fly out, F8 (Flyball, 8LXD, EV 98.1 MPH)
|
|
Batting: RHB Rusty Tillman
|
0-0: Called Strike 0-1: Ball 1-1: SOLO HOME RUN (Flyball, 7D, EV 90.0 MPH), Distance : 383 ft
|
|
Batting: LHB Larry Ray
|
0-0: Ball 1-0: Ball 2-0: Called Strike 2-1: Ball 3-1: Fly out, F6 (Line Drive, 6, EV 66.3 MPH)
|
|
Batting: RHB Alex Sanchez
|
0-0: Ground out 6-3 (Groundball, 6, EV 95.6 MPH)
|
| Bottom of the 5th over - 1 run, 1 hit, 0 errors, 0 left on base; Dunedin 0 - Lakeland 1 |
| TOP OF THE 6TH |
|
Dunedin Blue Jays batting - Pitching for Lakeland Pilots : LHP Danny Jackson
|
|
Batting: RHB Tony Walker
|
0-0: Called Strike 0-1: Ball 1-1: Reached on error, E5 (Groundball, 56S, EV 83.8 MPH)
|
|
Batting: SHB Albert Hall
|
0-0: Called Strike 0-1: Grounds into double play, 4-6-3 (Groundball, 4, EV 90.0 MPH)
|
|
Batting: LHB Milt Thompson
|
0-0: Called Strike 0-1: Ball 1-1: Foul Ball, location: 2F 1-2: SINGLE (Groundball, 5L, EV 98.8 MPH)
|
|
Batting: RHB Dale Berra
|
0-0: Ball 1-0: Called Strike Milt Thompson steals 2nd base 1-1: Ground out 6-3 (Groundball, 6, EV 91.3 MPH)
|
| Top of the 6th over - 0 runs, 1 hit, 1 error, 1 left on base; Dunedin 0 - Lakeland 1 |
| BOTTOM OF THE 6TH |
|
Lakeland Pilots batting - Pitching for Dunedin Blue Jays : RHP Charlie Kerfeld
|
|
Batting: RHB Dennis Delany
|
0-0: Called Strike 0-1: Ball 1-1: Foul Ball, location: 2F 1-2: Ball 2-2: Foul Ball, location: 2F 2-2: Ground out 4-3 (Groundball, 4, EV 81.3 MPH)
|
|
Batting: RHB Nick Capra
|
0-0: Ball 1-0: Ball 2-0: Foul Ball, location: 2F 2-1: Foul Ball, location: 2F 2-2: SINGLE (Line Drive, 5, EV 75.6 MPH) (infield hit)
|
|
Batting: RHB Dave C Anderson
|
0-0: Called Strike 0-1: Called Strike 0-2: Ball 1-2: Foul Ball, location: 2F 1-2: Ball 2-2: Foul Ball, location: 2F 2-2: Ball 3-2: Fielders Choice at 2nd, 4-6 (Groundball, 4M, EV 105.0 MPH)
|
|
Batting: SHB Mike D Young
|
0-0: Foul Ball, location: 2F 0-1: Fly out, F7 (Flyball, 78S, EV 94.4 MPH)
|
| Bottom of the 6th over - 0 runs, 1 hit, 0 errors, 1 left on base; Dunedin 0 - Lakeland 1 |
| TOP OF THE 7TH |
|
Dunedin Blue Jays batting - Pitching for Lakeland Pilots : LHP Danny Jackson
|
|
Batting: RHB Randy Lavigne
|
0-0: Called Strike 0-1: Ball 1-1: Ball 2-1: Called Strike 2-2: SINGLE (Groundball, 56, EV 95.0 MPH) (infield hit)
|
|
Batting: LHB Ray Cosey
|
0-0: Ball 1-0: Called Strike 1-1: Grounds into double play, 6-4-3 (Groundball, 6, EV 82.5 MPH)
|
|
Batting: RHB Steve Curry
|
0-0: Called Strike 0-1: Ball 1-1: Ball 2-1: Ball 3-1: SINGLE (Groundball, 6MD, EV 100.6 MPH)
|
|
Batting: RHB Dann Bilardello
|
0-0: Ball 1-0: Ball Steve Curry steals 2nd base 2-0: Foul Ball, location: 2F 2-1: Foul Ball, location: 2F 2-2: Strikes out swinging
|
| Top of the 7th over - 0 runs, 2 hits, 0 errors, 1 left on base; Dunedin 0 - Lakeland 1 |
| BOTTOM OF THE 7TH |
|
Lakeland Pilots batting - Pitching for Dunedin Blue Jays : RHP Charlie Kerfeld
|
|
Batting: LHB Mike Laga
|
0-0: Ball 1-0: Ball 2-0: Foul Ball, location: 2F 2-1: Foul Ball, location: 2F 2-2: Ball 3-2: Foul Ball, location: 2F 3-2: Base on Balls
|
|
Batting: LHB Randy S Johnson
|
0-0: Ball 1-0: Ball 2-0: Fielders Choice at 2nd, 4-6 (Groundball, 34, EV 79.4 MPH)
|
|
Batting: RHB Rusty Tillman
|
0-0: Ball 1-0: Called Strike 1-1: Foul Ball, location: 2F 1-2: Ball 2-2: DOUBLE (Groundball, 5L, EV 111.3 MPH) Randy S Johnson to third Runner from 3rd tries for Home, SAFE, no throw by LF
|
|
Batting: LHB Larry Ray
|
0-0: Intentional Walk
|
|
Batting: RHB Alex Sanchez
|
0-0: Called Strike 0-1: Foul Ball, location: 2F 0-2: Ball 1-2: Ball 2-2: Fly out, F8 (Line Drive, 8RD, EV 93.1 MPH)
|
|
Batting: RHB Dennis Delany
|
0-0: Ball 1-0: Fly out, F9 (Flyball, 9D, EV 88.1 MPH)
|
| Bottom of the 7th over - 1 run, 1 hit, 0 errors, 2 left on base; Dunedin 0 - Lakeland 2 |
| TOP OF THE 8TH |
|
Dunedin Blue Jays batting - Pitching for Lakeland Pilots : LHP Danny Jackson
|
|
Batting: RHB Scott Richartz
|
0-0: Ball 1-0: Called Strike 1-1: Ball 2-1: Ball 3-1: Base on Balls
|
|
Batting: RHB Tony Walker
|
0-0: Ball 1-0: Grounds into double play, 6-4-3 (Groundball, 6, EV 90.6 MPH)
|
|
Batting: SHB Albert Hall
|
0-0: Swinging Strike 0-1: Called Strike 0-2: Ball 1-2: DOUBLE (Flyball, 8RXD, EV 104.4 MPH)
|
|
Batting: LHB Milt Thompson
|
0-0: Ball 1-0: Foul Ball, location: 2F 1-1: Ball 2-1: 2-RUN HOME RUN (Flyball, 9D, EV 108.1 MPH), Distance : 357 ft
|
|
Batting: RHB Dale Berra
|
0-0: Called Strike 0-1: Foul Ball, location: 2F 0-2: Ball 1-2: Strikes out swinging
|
| Top of the 8th over - 2 runs, 2 hits, 0 errors, 0 left on base; Dunedin 2 - Lakeland 2 |
| BOTTOM OF THE 8TH |
|
Lakeland Pilots batting - Pitching for Dunedin Blue Jays : RHP Charlie Kerfeld
|
|
Batting: RHB Nick Capra
|
0-0: Foul Ball, location: 2F 0-1: Ground out 4-3 (Groundball, 4M, EV 85.0 MPH)
|
|
Batting: RHB Dave C Anderson
|
0-0: Ball 1-0: Swinging Strike 1-1: Called Strike 1-2: Foul Ball, location: 2F 1-2: Ground out 4-3 (Groundball, 4, EV 83.1 MPH)
|
|
Batting: SHB Mike D Young
|
0-0: Fly out, F2 (Popup, 2LF, EV 91.3 MPH)
|
| Bottom of the 8th over - 0 runs, 0 hits, 0 errors, 0 left on base; Dunedin 2 - Lakeland 2 |
| TOP OF THE 9TH |
|
Dunedin Blue Jays batting - Pitching for Lakeland Pilots : LHP Danny Jackson
|
|
Pitching: RHP Joe Boever
|
|
|
Batting: RHB Randy Lavigne
|
0-0: Called Strike 0-1: Foul Ball, location: 2F 0-2: Fly out, F6 (Line Drive, 6, EV 72.5 MPH)
|
|
Batting: LHB Ray Cosey
|
0-0: Swinging Strike 0-1: Ground out U3 (Groundball, 3, EV 81.3 MPH)
|
|
Pinch Hitting: LHB Gary Fulton
|
0-0: Ball 1-0: Called Strike 1-1: Ball 2-1: Foul Ball, location: 2F 2-2: Foul Ball, location: 2F 2-2: Foul Ball, location: 2F 2-2: Ball 3-2: Foul Ball, location: 2F 3-2: SINGLE (Groundball, 4MD, EV 96.9 MPH)
|
|
Pinch Hitting: LHB Michael Pisarkiewicz
|
0-0: Called Strike 0-1: Called Strike 0-2: Ground out 1-3 (Groundball, 13S, EV 66.3 MPH)
|
| Top of the 9th over - 0 runs, 1 hit, 0 errors, 1 left on base; Dunedin 2 - Lakeland 2 |
| BOTTOM OF THE 9TH |
|
Lakeland Pilots batting - Pitching for Dunedin Blue Jays : RHP Charlie Kerfeld
|
|
Pitching: LHP Carlos A Diaz
|
|
|
Now at C: Alfredo Aceves
|
|
|
Now at 1B: Michael Pisarkiewicz
|
|
|
Batting: LHB Mike Laga
|
0-0: Ball 1-0: Called Strike 1-1: SINGLE (Flyball, 78S, EV 86.9 MPH)
|
|
Pinch Hitting: RHB Joseph Scherger
|
0-0: Ball 1-0: Called Strike 1-1: Fly out, F3 (Popup, 3S, EV 80.0 MPH)
|
|
Batting: RHB Rusty Tillman
|
0-0: Swinging Strike 0-1: Ball 1-1: Ball Wild Pitch! Mike Laga to second 2-1: Intentional Walk
|
|
Batting: LHB Larry Ray
|
0-0: Swinging Strike 0-1: Fly out, F7 (Flyball, 78M, EV 83.1 MPH) Runner from 2nd tags up, SAFE at 3rd with throw by LF
|
|
Batting: RHB Alex Sanchez
|
0-0: Fly out, F9 (Flyball, 89D, EV 83.8 MPH)
|
| Bottom of the 9th over - 0 runs, 1 hit, 0 errors, 2 left on base; Dunedin 2 - Lakeland 2 |
| TOP OF THE 10TH |
|
Dunedin Blue Jays batting - Pitching for Lakeland Pilots : RHP Joe Boever
|
|
Now in LF: Vernon Armstead
|
|
|
Pinch Hitting: RHB David Hall
|
0-0: Swinging Strike 0-1: Foul Ball, location: 2F 0-2: Strikes out swinging
|
|
Batting: RHB Tony Walker
|
0-0: Ball 1-0: Called Strike 1-1: Ground out 5-3 (Groundball, 56, EV 91.9 MPH)
|
|
Batting: SHB Albert Hall
|
0-0: SINGLE (Flyball, 5D, EV 84.4 MPH)
|
|
Batting: LHB Milt Thompson
|
0-0: Ball 1-0: Foul Ball, location: 2F 1-1: Ball 2-1: Foul Ball, location: 2F 2-2: Ball 3-2: Ground out 4-3 (Groundball, 4M, EV 98.1 MPH)
|
| Top of the 10th over - 0 runs, 1 hit, 0 errors, 1 left on base; Dunedin 2 - Lakeland 2 |
| BOTTOM OF THE 10TH |
|
Lakeland Pilots batting - Pitching for Dunedin Blue Jays : LHP Carlos A Diaz
|
|
Now at 3B: David Hall
|
|
|
Batting: RHB Dennis Delany
|
0-0: Swinging Strike 0-1: Foul Ball, location: 2F 0-2: Strikes out swinging
|
|
Batting: RHB Nick Capra
|
0-0: Called Strike 0-1: Swinging Strike 0-2: Strikes out swinging
|
|
Batting: RHB Dave C Anderson
|
0-0: Ball 1-0: Ground out 5-3 (Groundball, 5L, EV 81.3 MPH)
|
| Bottom of the 10th over - 0 runs, 0 hits, 0 errors, 0 left on base; Dunedin 2 - Lakeland 2 |
| TOP OF THE 11TH |
|
Dunedin Blue Jays batting - Pitching for Lakeland Pilots : RHP Joe Boever
|
|
Batting: RHB Dale Berra
|
0-0: Called Strike 0-1: SINGLE (Line Drive, 78M, EV 104.4 MPH)
|
|
Pitching: LHP Chuck McMichael
|
|
|
Batting: RHB Randy Lavigne
|
0-0: Ball 1-0: SINGLE (Groundball, 56D, EV 108.8 MPH) Dale Berra to second
|
|
Batting: LHB Ray Cosey
|
0-0: Fielders Choice at 2nd, 5-4 (Groundball, 5, EV 102.5 MPH) Dale Berra to third
|
|
Batting: RHB Alfredo Aceves
|
0-0: Ball 1-0: Foul Ball, location: 2F 1-1: Fly out, F8 (Flyball, 78D, EV 97.5 MPH) Runner from 3rd tags up, SCORES, throw by CF
|
|
Batting: LHB Michael Pisarkiewicz
|
0-0: Ball 1-0: Ball Ray Cosey steals 2nd base 2-0: Foul Ball, location: 2F 2-1: Fly out, F8 (Flyball, 8LXD, EV 95.0 MPH)
|
| Top of the 11th over - 1 run, 2 hits, 0 errors, 1 left on base; Dunedin 3 - Lakeland 2 |
| BOTTOM OF THE 11TH |
|
Lakeland Pilots batting - Pitching for Dunedin Blue Jays : LHP Carlos A Diaz
|
|
Now at 1B: Rich Murray
|
|
|
Batting: SHB Mike D Young
|
0-0: Ball 1-0: Swinging Strike 1-1: Ball 2-1: SINGLE (Groundball, 56S, EV 60.6 MPH) (infield hit)
|
|
Batting: LHB Mike Laga
|
0-0: Called Strike 0-1: Swinging Strike 0-2: Strikes out swinging
|
|
Batting: RHB Vernon Armstead
|
0-0: Ball 1-0: Swinging Strike 1-1: Ball 2-1: Ball 3-1: Base on Balls Mike D Young to second
|
|
Batting: RHB Rusty Tillman
|
0-0: Ball 1-0: Called Strike 1-1: Ball 2-1: Swinging Strike 2-2: Strikes out swinging
|
|
Pitching: RHP Clyde Reichard
|
|
|
Batting: LHB Larry Ray
|
0-0: Called Strike 0-1: Called Strike 0-2: Fly out, F8 (Line Drive, 8RD, EV 102.5 MPH)
|
| Bottom of the 11th over - 0 runs, 1 hit, 0 errors, 2 left on base; Dunedin 3 - Lakeland 2 |
|